 Dungeon Crawl Stone Soup version 0.30-a0-728-gc68057be0a (webtiles) character file.

Game seed: 589966874733671112

140 Legacy the Trooper (level 5, -5/51 HPs)
             Began as a Minotaur Berserker on Jan 31, 2023.
             Was a Believer of Trog.
             Killed from afar by an orc wizard (9 damage)
             ... with a puff of flame
             ... on level 3 of the Dungeon on Feb 1, 2023.
             The game lasted 00:04:31 (2151 turns).

Legacy the Trooper (Minotaur Berserker)             Turns: 2151, Time: 00:04:32

Health: -5/51      AC:  8    Str: 24    XL:     5   Next: 2%
Magic:  4/4        EV:  8    Int:  4    God:    Trog [**....]
Gold:   80         SH:  0    Dex:  9    Spells: 4/4 levels left

rFire   . . .      SeeInvis .    a - +0 hand axe
rCold   . . .      Faith    .    (no shield)
rNeg    . . .      Spirit   .    j - +0 chain mail
rPois   .          Reflect  .    (helmet restricted)
rElec   .          Harm     .    (no cloak)
rCorr   .          Rampage  .    (no gloves)
Will    .....                    (no boots) Stlth
                                 (no amulet)
HPRegen 0.28/turn                (no ring)
MPRegen 0.09/turn                (no ring)

@: on berserk cooldown, slowed, very slow
A: horns 2, retaliatory headbutt
a: Renounce Religion, Berserk, Trog's Hand


You were on level 3 of the Dungeon.
You worshipped Trog.
Trog was pleased with you.
You visited 1 branch of the dungeon, and saw 3 of its levels.

You collected 80 gold pieces.

Inventory:

Hand Weapons
 a - a +0 hand axe (weapon)
Armour
 j - a +0 chain mail (worn)
Scrolls
 c - 2 scrolls of brand weapon {unknown}
 e - a scroll of enchant weapon {unknown}
 f - 3 scrolls of fear {unknown}
 h - a scroll of enchant armour {unknown}
 k - 4 scrolls of identify {unknown}
 l - a scroll of torment {unknown}
Potions
 b - a potion of lignification {unknown}
 d - 2 potions of curing {unknown}
 g - 2 potions of degeneration {unknown}
 i - 2 potions of heal wounds {unknown}


   Skills:
 + Level 6.9 Fighting
 - Level 3.6 Axes
 - Level 2.4 Armour
 - Level 2.1 Dodging


You had 4 spell levels left.
You didn't know any spells.
Your spell library was empty.

Dungeon Overview and Level Annotations

Branches:
Dungeon (3/15)

Altars:
Hepliaklqana


Innate Abilities, Weirdness & Mutations

You have a pair of horns on your head.
You reflexively headbutt those who attack you in melee.


Message History

The gnoll shouts!
You hear a shout!
An orc comes into view.
It is wielding a +0 flail and quivering curare-tipped darts.
The gnoll hits you with a +0 flail!
You hear an angry hiss.
You see here a +0 spear.
You slash the gnoll!
You kill the gnoll!
Trog accepts your kill.
You have reached level 5!
Unknown command.
You closely miss something. Your headbutt misses something.
You are no longer berserk.
You are exhausted.
You feel yourself slow down.
You hit something. You headbutt something.
Something hits you but does no damage.
A rat comes into view.
Something hits you.
The orc priest invokes the aid of Beogh against you.
Beogh smites you!
You miss something. Your punch misses something.
The orc priest mumbles some strange prayers to Beogh against you.
Beogh smites you!
* * * LOW HITPOINT WARNING * * *
The rat twitches its whiskers.
Something hits you but does no damage. x2
You closely miss something. Something hits you but does no damage.
Something hits you.
* * * LOW HITPOINT WARNING * * *
You closely miss something.
You hear some strange, mumbled words.
Something tries to affect you, but you resist.
You miss something. Something hits you.
* * * LOW HITPOINT WARNING * * *
Something hits you but does no damage.
You hit something.
You hear some strange, mumbled words.
A puff of flame appears from out of thin air!
The puff of flame hits you!
You die...

# #.#####.......#
#. #.# #.#########
#.##.##.###.#
#...........#
######..###.##
#..# #.. #..# #.#
##go###.####.#
#roo{@>......#
.....og####.######
.....#. #.#
...##gg #.# ..#
#.. #.# ## ... #.#
.o.. ... .... ...


You could see 2 gnolls, 4 orcs and a rat.

Vanquished Creatures
  3 gnolls
  4 adders
  A worm (D:2)
  3 dart slugs
  9 orcs (D:3)
  4 endoplasms
  A giant cockroach (D:1)
  4 goblins
  3 hobgoblins
  9 jackals
  4 kobolds
  2 ball pythons (D:1)
  4 bats
  A frilled lizard (D:1)
  4 rats
56 creatures vanquished.

Notes
Turn   | Place    | Note
-------+----------+-------------------------------------------
     0 | D:1      | Legacy the Minotaur Berserker began the quest for the Orb.
     0 | D:1      | Reached XP level 1. HP: 19/19 MP: 0/0
    35 | D:1      | Reached skill level 4 in Fighting
    73 | D:1      | Reached XP level 2. HP: 16/28 MP: 1/1
   360 | D:1      | Reached skill level 5 in Fighting
   577 | D:1      | Reached XP level 3. HP: 32/36 MP: 2/2
   906 | D:1      | Reached ** piety under Trog
  1392 | D:2      | Reached skill level 6 in Fighting
  1392 | D:2      | Reached XP level 4. HP: 43/44 MP: 3/3
  2079 | D:3      | Found a hazy altar of Hepliaklqana.
  2145 | D:3      | Reached XP level 5. HP: 51/51 MP: 4/4
  2151 | D:3      | Killed from afar by an orc wizard

Illustrated notes

Levels and vault maps discovered:
D:1:      matt_arrival_diagonals, layout_basic
D:2:      wad_pebble_path, layout_loops_ring, minmay_curled_crystal
D:3:      layout_loops_ring, mainiacjoe_overflow_alcove_4,
          hangedman_decor_clover_reticule, minmay_misc_feat_secret_circle,
          grunt_ministairs_9, minmay_misc_feat_roman

Skill      XL: |  1  2  3 |
---------------+----------+-----
Fighting       | 4 5 6 |  6.9
Axes           | |  3.6
Armour         | |  2.4
Dodging        | |  2.1

Action                     |  1- 3 |  4- 6 || total
---------------------------+-------+-------++-------
  Melee: Hand axe          |    56 |    55 ||   111
         Headbutt          |     6 |     8 ||    14
 Invoke: Berserk           |       |     1 ||     1
 Armour: Animal skin       |    13 |       ||    13
         Chain mail        |    52 |    32 ||    84
         Ring mail         |     2 |       ||     2
  Dodge: Dodged            |    58 |    27 ||    85

Table legend: (Time is in decaauts)
 A = Elapsed time spent in this place.
 B = Non-inter-level travel time spent in this place.
 C = Inter-level travel time spent in this place.
 D = Time resting spent in this place.
 E = Time spent auto-exploring this place.
 F = Levels seen in this place.
 G = Mean time per level.
                   A        B        C        D        E       F      G
               +--------+--------+--------+--------+--------+-----+--------+
         Total |   2162 |   1713 |    449 |     47 |      0 |   3 |  720.7 |
       Dungeon |   2162 |   1713 |    449 |     47 |      0 |   3 |  720.7 |
               +--------+--------+--------+--------+--------+-----+--------+

Top non-repeatable levels by time:
     D:1: 1145 daAuts
     D:2: 802 daAuts
     D:3: 214 daAuts
